AoeStats
← thunder bun

Arabia

505945867Analyzed
1v1 RM · 19d ago on Sep 11, 2026· 21m 27s· 2 players
Game mode
Random Map
Map size
Tiny (2 player)
Population
200
Speed
Normal
Resources
Standard
Victory
Conquest
Starting age
Dark Age
Ending age
Imperial Age
RankedLock teamsTeams togetherTeam positionsShared explorationLock speedFull tech treeHidden civsTurbo modeCheats
Victory
Defeat
🇹🇷 Slavs · Türkiye
2423
+6
🇹🇼 Cumans · Taiwan
2162
-6
zankoku sekai no akuma
6:26 Loom
8:56 Feudal Age
9:02 Man-at-Arms
10:05 Double-Bit Axe
15:17 Fletching
15:45 Padded Archer Armor
21:02 Castle Age
20:03 Gold Mining
20:02 Horse Collar
21:39 Bodkin Arrow
21:07 Crossbowman
22:16 Bow Saw
thunder bun
6:10 Loom
8:21 Feudal Age
9:15 Double-Bit Axe
14:33 Fletching
16:01 Town Watch
22:33 Castle Age
20:59 Horse Collar
Connection lost

Rejoining the realm…

Still unreachable

The connection could not be restored.

Session expired

The server has moved on; the page needs a fresh start.